Mustangs vs Mulligans
Created - 19 février 2017 at 20:04
Goals
|
| Mustangs |
1 |
2 |
0 |
3 |
| Mulligans |
1 |
2 |
2 |
5 |
|
Shots
|
| Mustangs |
13 |
12 |
6 |
31 |
| Mulligans |
9 |
16 |
10 |
35 |
|
1st period
1. Mustangs , Ben Eager 8 (Denis Bodrov, Rick Schofield) at 1:21 (PP)
2. Mulligans , Chris Neil 23 (Anton Lander) at 6:29 (SH)
Penalties :
Michael Del Zotto (Rep) for Holding (Minor) at 0:46, Jonathan Tremblay (Rep) for Holding (Minor) at 5:04, Matt Niskanen (Rep) for Interference (Minor) at 7:30, Cameron Gaunce (Ham) for High sticking (Minor) at 13:05, Matt Beleskey (Rep) for Holding (Minor) at 15:24
2nd period
3. Mulligans , Maxime Macenauer 10 (Matt Beleskey, Nick Bonino) at 3:42
4. Mustangs , Ben Eager 9 (Rick Schofield, J.T. Wyman) at 6:24
5. Mulligans , Matt Beleskey 15 (Matt Donovan) at 13:37
6. Mustangs , Ben Eager 10 (J.T. Wyman, Rick Schofield) at 15:05
Penalties :
Ben Eager (Ham) for Hooking (Minor) at 17:35
3rd period
7. Mulligans , Matt Beleskey 16 (Maxime Macenauer) at 6:43
8. Mulligans , Jonathan Tremblay 18 (Eric Tangradi, Cody Goloubef) at 19:06
Penalties :
Matt Taormina (Rep) for Hooking (Minor) at 13:19
Goalie Stats
Peter Mannino (Ham), 30 saves from 35 shots - (0,857), L, 19-9-6, 60:00 minutes
Anders Lindback (Rep), 28 saves from 31 shots - (0,903), W, 16-9-2, 60:00 minutes
Players Stats for Mustangs
Player Name G A P +/- PIM S H SB GA TA FO MP PP MP PK MP
------------------------------------------------------------------------------------
Alexei Marchenko 0 0 0 -3 0 1 1 1 0 0 0/0 20:31 3:24 1:23
Ben Eager 3 0 3 1 2 8 1 0 1 0 0/0 13:26 2:55 0:22
Brandon Saad 0 0 0 -1 0 0 0 0 0 1 1/1 13:52 1:04 0:22
Cameron Gaunce 0 0 0 0 2 0 2 1 0 0 0/0 25:56 5:07 1:14
Denis Bodrov 0 1 1 -3 0 0 4 4 0 0 0/0 20:31 3:24 1:23
Eric Gryba 0 0 0 0 0 2 2 0 0 2 0/0 26:44 4:33 2:35
Eric Wellwood 0 0 0 -3 0 3 2 2 0 0 1/2 23:44 4:26 2:16
Francis Paré 0 0 0 0 0 1 0 0 0 0 0/0 6:07 0:00 0:00
J.T. Wyman 0 2 2 1 0 6 3 0 0 0 0/0 16:58 3:52 0:58
Jerome Samson 0 0 0 -1 0 2 0 2 0 0 0/0 13:15 0:13 0:00
Jim O'Brien 0 0 0 -1 0 1 2 0 1 0 3/7 13:57 0:06 0:50
Joshua Leivo 0 0 0 0 0 1 0 1 0 0 0/0 7:45 0:13 0:00
Mark Pysyk 0 0 0 0 0 0 0 0 0 1 0/0 12:53 0:00 0:42
Reilly Smith 0 0 0 -3 0 1 1 0 2 1 0/2 20:49 4:26 0:00
Rick Schofield 0 3 3 1 0 1 0 0 2 0 8/14 16:43 3:52 0:58
Riley Armstrong 0 0 0 -3 0 4 3 0 3 1 22/40 23:11 4:26 2:10
Riley Nash 0 0 0 0 0 0 1 0 0 0 1/2 6:14 0:00 0:00
Scott Mayfield 0 0 0 0 0 0 0 0 0 0 0/0 13:24 0:34 0:39
Players Stats for Mulligans
Player Name G A P +/- PIM S H SB GA TA FO MP PP MP PK MP
------------------------------------------------------------------------------------
Anton Lander 0 1 1 2 0 0 2 0 1 0 9/19 18:50 1:50 2:55
Chris Neil 1 0 1 -1 0 2 0 1 0 1 0/1 19:15 2:08 1:57
Cody Goloubef 0 1 1 2 0 0 1 0 0 0 0/0 11:48 0:00 2:55
Darren Dietz 0 0 0 1 0 0 0 0 0 0 0/0 7:26 0:00 0:00
Drayson Bowman 0 0 0 -2 0 0 2 0 0 0 1/2 17:01 2:08 0:00
Eric Tangradi 0 1 1 1 0 5 0 0 0 0 0/0 15:53 1:50 0:24
Gord Baldwin 0 0 0 2 0 0 1 1 0 0 0/0 16:36 0:00 5:36
Jonathan Tremblay 1 0 1 1 2 2 1 0 0 0 1/1 17:27 1:50 1:59
Joonas Donskoi 0 0 0 3 0 0 1 0 0 0 0/0 10:51 0:00 0:00
Logan Shaw 0 0 0 0 0 1 0 0 0 1 0/0 7:11 0:00 0:00
Matt Beleskey 2 1 3 3 2 6 0 0 0 0 0/1 15:36 0:00 3:48
Matt Donovan 0 1 1 3 0 1 1 1 1 0 0/0 16:45 0:00 5:36
Matt Niskanen 0 0 0 -1 2 2 3 2 0 1 0/0 17:30 2:12 0:37
Matt Taormina 0 0 0 0 2 0 1 0 0 3 0/0 19:11 1:46 2:11
Maxime Macenauer 1 1 2 3 0 3 2 2 1 0 9/17 15:44 0:00 4:56
Michael Del Zotto 0 0 0 0 2 4 0 1 1 1 0/0 15:42 1:46 0:00
Nick Bonino 0 1 1 -2 0 3 1 1 1 1 10/23 17:01 2:08 0:00
Sven Baertschi 0 0 0 0 0 0 2 0 0 0 0/0 8:50 0:00 1:03
Thomas Hickey 0 0 0 -1 0 1 0 2 1 1 0/0 16:00 2:12 0:07
Tim Schaller 0 0 0 0 0 5 0 2 0 0 2/4 6:47 0:00 0:00
3 Stars
1 - Ben Eager (Ham)
2 - Matt Beleskey (Rep)
3 - Maxime Macenauer (Rep)
Power Play
Mustangs - 1 on 5 Attempt(s) - 20,00%
Mulligans - 0 on 2 Attempt(s) - 0,00%
Penalty Kill
Mustangs - 2 on 2 Attempt(s) - 100,00%
- Score 0 goal in Penalty Kill
Mulligans - 4 on 5 Attempt(s) - 80,00%
- Score 1 goal in Penalty Kill
Team Stat
Mustangs - Hits : 22 - Faceoff Wins : 36 - Blocked Shots : 11 - Penalty Minutes : 4
Mulligans - Hits : 18 - Faceoff Wins : 32 - Blocked Shots : 13 - Penalty Minutes : 10
Official
Referees : Meier Brad and Morton Dean
Linesman : Jean Morin and Scott Driscoll
Game Notes
Ben Eager has scored a Hat Trick!
Ben Eager is injured at 11:03 of 3rd period (Left Leg)
Finance
Level 1 -- Attendance: 1366 (68,30%) -- Ticket Income 27 320 $
Level 2 -- Attendance: 686 (68,60%) -- Ticket Income 4 802 $
Total Attendance: 2052 (68,40%)
Total Ticket Income: 32 122 $
Other Income: 1 606 $
Total Income: 33 728 $
Mustangs
5 vs 5 Forward
Center Left Wing Right Wing Time % Phy DF OF
1 Riley Armstrong Eric Wellwood Reilly Smith 40 0 2 3
2 Rick Schofield Ben Eager J.T. Wyman 30 0 2 3
3 Jim O'Brien Brandon Saad Jerome Samson 20 0 2 3
4 Riley Nash Joshua Leivo Francis Paré 10 0 2 3
5 vs 5 Defense
Defense Defense Time % Phy DF OF
1 Cameron Gaunce Eric Gryba 45 1 2 2
2 Denis Bodrov Alexei Marchenko 33 1 2 2
3 Mark Pysyk Scott Mayfield 22 1 2 2
4 Alexei Marchenko Scott Mayfield 0 1 2 2
PowerPlay Forward
Center Left Wing Right Wing Time % Phy DF OF
1 Riley Armstrong Eric Wellwood Reilly Smith 60 0 0 5
2 Rick Schofield Ben Eager J.T. Wyman 40 0 0 5
PowerPlay Defense
Defense Defense Time % Phy DF OF
1 Cameron Gaunce Eric Gryba 60 0 1 4
2 Denis Bodrov Alexei Marchenko 40 0 1 4
Penalty Kill 4 Players Forward
Center Wing Time % Phy DF OF
1 Riley Armstrong Eric Wellwood 60 0 5 0
2 Rick Schofield J.T. Wyman 40 0 5 0
Penalty Kill 4 Players Defense
Defense Defense Time % Phy DF OF
1 Cameron Gaunce Eric Gryba 60 1 4 0
2 Denis Bodrov Alexei Marchenko 40 1 4 0
Penalty Kill - 3 Players Forward
Forward Time % Phy DF OF
1 Eric Wellwood 60 0 5 0
2 Riley Armstrong 40 0 5 0
Penalty Kill - 3 Players Defense
Defense Defense Time % Phy DF OF
1 Cameron Gaunce Eric Gryba 60 1 4 0
2 Denis Bodrov Alexei Marchenko 40 1 4 0
4 vs 4 Forward
Center Wing Time % Phy DF OF
1 Riley Armstrong Reilly Smith 60 0 1 4
2 Rick Schofield J.T. Wyman 40 0 1 4
4 vs 4 Defense
Defense Defense Time % Phy DF OF
1 Cameron Gaunce Eric Gryba 60 0 2 3
2 Denis Bodrov Alexei Marchenko 40 0 2 3
Last Minutes Offensive
Center Left Wing Right Wing Defense Defense
Riley Armstrong Eric Wellwood Reilly Smith Cameron Gaunce Denis Bodrov
Last Minutes Defensive
Center Left Wing Right Wing Defense Defense
Rick Schofield Ben Eager J.T. Wyman Cameron Gaunce Denis Bodrov
Goaltenders
Starting : Peter Mannino
Backup : Chet Pickard
Extra Forwards
Normal : Riley Armstrong, Ben Eager, J.T. Wyman - PP : Brandon Saad, Eric Wellwood - PK : Eric Wellwood
Extra Defensemen
Normal : Cameron Gaunce, Alexei Marchenko, Scott Mayfield - PP : Alexei Marchenko - PK : Eric Gryba, Mark Pysyk
Penalty Shots
Brandon Saad, Reilly Smith, Ben Eager, Eric Wellwood, J.T. Wyman
Mulligans
5 vs 5 Forward
Center Left Wing Right Wing Time % Phy DF OF
1 Nick Bonino Drayson Bowman Chris Neil 32 0 2 3
2 Anton Lander Eric Tangradi Jonathan Tremblay 28 1 2 2
3 Maxime Macenauer Matt Beleskey Joonas Donskoi 24 1 2 2
4 Tim Schaller Sven Baertschi Logan Shaw 16 1 2 2
5 vs 5 Defense
Defense Defense Time % Phy DF OF
1 Michael Del Zotto Matt Taormina 30 1 3 1
2 Thomas Hickey Matt Niskanen 30 1 3 1
3 Gord Baldwin Matt Donovan 22 1 3 1
4 Darren Dietz Cody Goloubef 18 1 3 1
PowerPlay Forward
Center Left Wing Right Wing Time % Phy DF OF
1 Nick Bonino Drayson Bowman Chris Neil 60 1 0 4
2 Anton Lander Eric Tangradi Jonathan Tremblay 40 1 0 4
PowerPlay Defense
Defense Defense Time % Phy DF OF
1 Michael Del Zotto Matt Taormina 55 1 1 3
2 Thomas Hickey Matt Niskanen 45 0 2 3
Penalty Kill 4 Players Forward
Center Wing Time % Phy DF OF
1 Maxime Macenauer Matt Beleskey 60 1 3 1
2 Anton Lander Jonathan Tremblay 40 1 3 1
Penalty Kill 4 Players Defense
Defense Defense Time % Phy DF OF
1 Matt Donovan Gord Baldwin 60 1 4 0
2 Cody Goloubef Matt Taormina 40 1 4 0
Penalty Kill - 3 Players Forward
Forward Time % Phy DF OF
1 Maxime Macenauer 60 1 4 0
2 Anton Lander 40 1 4 0
Penalty Kill - 3 Players Defense
Defense Defense Time % Phy DF OF
1 Matt Donovan Gord Baldwin 60 1 2 2
2 Matt Taormina Cody Goloubef 40 1 2 2
4 vs 4 Forward
Center Wing Time % Phy DF OF
1 Nick Bonino Drayson Bowman 60 0 2 3
2 Anton Lander Eric Tangradi 40 1 2 2
4 vs 4 Defense
Defense Defense Time % Phy DF OF
1 Michael Del Zotto Matt Taormina 60 0 3 2
2 Thomas Hickey Matt Niskanen 40 0 3 2
Last Minutes Offensive
Center Left Wing Right Wing Defense Defense
Nick Bonino Drayson Bowman Chris Neil Michael Del Zotto Matt Donovan
Last Minutes Defensive
Center Left Wing Right Wing Defense Defense
Anton Lander Eric Tangradi Jonathan Tremblay Cody Goloubef Matt Donovan
Goaltenders
Starting : Anders Lindback
Backup : Calvin Pickard
Extra Forwards
Normal : Logan Shaw, Sven Baertschi, Joonas Donskoi - PP : Matt Beleskey, Logan Shaw - PK : Chris Neil
Extra Defensemen
Normal : Cody Goloubef, Matt Donovan, Michael Del Zotto - PP : Matt Donovan - PK : Matt Niskanen, Thomas Hickey
Penalty Shots
Chris Neil, Maxime Macenauer, Nick Bonino, Matt Beleskey, Thomas Hickey
% Time on Ice - Mustangs
Lines # - Real PCT - Wanted PCT - Time Play
Normal Forward
1 - 33% - 40% - 15:36
2 - 30% - 30% - 14:04
3 - 24% - 20% - 11:25
4 - 13% - 10% - 6:07
Normal Defense
1 - 42% - 45% - 19:36
2 - 33% - 33% - 15:44
3 - 25% - 22% - 11:52
4 - 0% - 0% - 0:00
PP Forward
1 - 53% - 60% - 4:33
2 - 47% - 40% - 3:58
PP Defense
1 - 60% - 60% - 5:07
2 - 40% - 40% - 3:24
PK Forward
1 - 76% - 60% - 3:00
2 - 24% - 40% - 0:58
PK Defense
1 - 65% - 60% - 2:35
2 - 35% - 40% - 1:23
PK3 Forward
1 - 0% - 60%
2 - 0% - 40%
PK3 Defense
1 - 0% - 60%
2 - 0% - 40%
44 Forward
1 - 0% - 60%
2 - 0% - 40%
44 Defense
1 - 0% - 60%
2 - 0% - 40%
Last Minute Offensive - 0:19
Last Minute Defensive - 0:00
Total
Forward - 60:00
Defense - 60:00
|
% Time on Ice - Mulligans
Lines # - Real PCT - Wanted PCT - Time Play
Normal Forward
1 - 34% - 32% - 16:17
2 - 29% - 28% - 13:54
3 - 22% - 24% - 10:25
4 - 14% - 16% - 6:39
Normal Defense
1 - 30% - 30% - 14:06
2 - 32% - 30% - 14:59
3 - 23% - 22% - 10:51
4 - 15% - 18% - 7:19
PP Forward
1 - 54% - 60% - 2:08
2 - 46% - 40% - 1:50
PP Defense
1 - 45% - 55% - 1:46
2 - 55% - 45% - 2:12
PK Forward
1 - 70% - 60% - 5:57
2 - 30% - 40% - 2:34
PK Defense
1 - 66% - 60% - 5:36
2 - 34% - 40% - 2:55
PK3 Forward
1 - 0% - 60%
2 - 0% - 40%
PK3 Defense
1 - 0% - 60%
2 - 0% - 40%
44 Forward
1 - 0% - 60%
2 - 0% - 40%
44 Defense
1 - 0% - 60%
2 - 0% - 40%
Last Minute Offensive - 0:00
Last Minute Defensive - 0:16
Total
Forward - 60:00
Defense - 60:00
|
Play by Play
1st period
0:01 of 1st period - Riley Armstrong wins face-off versus Nick Bonino in neutral zone.
0:06 of 1st period - Matt Taormina is hit by Riley Armstrong and loses puck.
0:46 of 1st period - Minor Penalty to Michael Del Zotto for Holding.
0:47 of 1st period - Riley Armstrong wins face-off versus Matt Beleskey in Mulligans zone.
0:52 of 1st period - Snap shot by Riley Armstrong.
0:52 of 1st period - Shot Blocked by Maxime Macenauer.
0:54 of 1st period - Slapshot by Reilly Smith.
0:54 of 1st period - Shot Blocked by Maxime Macenauer.
0:56 of 1st period - Slapshot by Eric Wellwood.
0:56 of 1st period - Shot Blocked by Gord Baldwin.
1:12 of 1st period - Rick Schofield is hit by Matt Donovan and loses puck.
1:21 of 1st period - Snap shot by Ben Eager.
1:21 of 1st period - Goal by Ben Eager - Mustangs : 1 - Mulligans : 0.
1:22 of 1st period - Brandon Saad wins face-off versus Tim Schaller in neutral zone.
1:35 of 1st period - Slapshot by Matt Niskanen.
1:35 of 1st period - Deflect By Tim Schaller.
1:35 of 1st period - Shot Misses the Net.
1:35 of 1st period - Puck is out of play.
1:36 of 1st period - Riley Armstrong wins face-off versus Maxime Macenauer in Mustangs zone.
1:50 of 1st period - Wrist shot by Maxime Macenauer.
1:50 of 1st period - Shot Misses the Net.
1:52 of 1st period - Slapshot by Matt Donovan.
1:52 of 1st period - Stopped by Peter Mannino with a rebound.
2:02 of 1st period - Jonathan Tremblay is hit by J.T. Wyman and loses puck.
2:48 of 1st period - Snap shot by Tim Schaller.
2:48 of 1st period - Stopped by Peter Mannino without a rebound.
2:49 of 1st period - Riley Armstrong wins face-off versus Maxime Macenauer in Mustangs zone.
2:54 of 1st period - Wrist shot by Eric Wellwood.
2:54 of 1st period - Stopped by Anders Lindback without a rebound.
2:55 of 1st period - Riley Armstrong wins face-off versus Maxime Macenauer in Mulligans zone.
3:02 of 1st period - Snap shot by Riley Armstrong.
3:02 of 1st period - Shot Blocked by Thomas Hickey.
3:04 of 1st period - Wrist shot by Eric Wellwood.
3:04 of 1st period - Deflect By Matt Niskanen.
3:04 of 1st period - Stopped by Anders Lindback with a rebound.
3:06 of 1st period - Snap shot by Eric Wellwood.
3:06 of 1st period - Shot Blocked by Thomas Hickey.
3:08 of 1st period - Wrist shot by Riley Armstrong.
3:08 of 1st period - Stopped by Anders Lindback without a rebound.
3:09 of 1st period - Rick Schofield wins face-off versus Chris Neil in Mulligans zone.
3:34 of 1st period - Eric Wellwood is hit by Jonathan Tremblay and loses puck.
3:57 of 1st period - Jim O'Brien is hit by Matt Niskanen and loses puck.
4:02 of 1st period - Snap shot by Tim Schaller.
4:02 of 1st period - Stopped by Peter Mannino with a rebound.
4:04 of 1st period - Snap shot by Tim Schaller.
4:04 of 1st period - Stopped by Peter Mannino with a rebound.
4:06 of 1st period - Slapshot by Sven Baertschi.
4:06 of 1st period - Shot Blocked by Denis Bodrov.
4:53 of 1st period - Off-side.
4:54 of 1st period - Riley Armstrong wins face-off versus Anton Lander in neutral zone.
5:04 of 1st period - Minor Penalty to Jonathan Tremblay for Holding.
5:05 of 1st period - Maxime Macenauer wins face-off versus Riley Armstrong in Mulligans zone.
5:35 of 1st period - Snap shot by Ben Eager.
5:35 of 1st period - Stopped by Anders Lindback without a rebound.
5:36 of 1st period - Anton Lander wins face-off versus Riley Armstrong in Mulligans zone.
5:40 of 1st period - Off-side.
5:41 of 1st period - Anton Lander wins face-off versus Riley Armstrong in neutral zone.
5:57 of 1st period - Off-side.
5:58 of 1st period - Rick Schofield wins face-off versus Maxime Macenauer in neutral zone.
6:05 of 1st period - Snap shot by Ben Eager.
6:05 of 1st period - Shot Misses the Net.
6:29 of 1st period - Snap shot by Chris Neil.
6:29 of 1st period - Goal by Chris Neil - Mustangs : 1 - Mulligans : 1.
6:30 of 1st period - Riley Armstrong wins face-off versus Maxime Macenauer in neutral zone.
6:46 of 1st period - Off-side.
6:47 of 1st period - Maxime Macenauer wins face-off versus Rick Schofield in neutral zone.
7:04 of 1st period - Penalty to Jonathan Tremblay is over, Jonathan Tremblay is back on ice.
7:10 of 1st period - Drayson Bowman is hit by Eric Gryba and loses puck.
7:15 of 1st period - Snap shot by Riley Armstrong.
7:15 of 1st period - Stopped by Anders Lindback without a rebound.
7:16 of 1st period - Riley Armstrong wins face-off versus Anton Lander in Mulligans zone.
7:25 of 1st period - Backhand shot by Eric Wellwood.
7:25 of 1st period - Stopped by Anders Lindback without a rebound.
7:26 of 1st period - Riley Armstrong wins face-off versus Anton Lander in Mulligans zone.
7:30 of 1st period - Minor Penalty to Matt Niskanen for Interference.
7:31 of 1st period - Maxime Macenauer wins face-off versus Riley Armstrong in Mulligans zone.
7:31 of 1st period - Maxime Macenauer is hit by Riley Armstrong.
7:38 of 1st period - Snap shot by Maxime Macenauer.
7:38 of 1st period - Shot Misses the Net.
7:56 of 1st period - Matt Donovan is hit by Ben Eager and loses puck.
8:03 of 1st period - Wrist shot by Ben Eager.
8:03 of 1st period - Shot Misses the Net.
8:05 of 1st period - Slapshot by Alexei Marchenko.
8:05 of 1st period - Stopped by Anders Lindback without a rebound.
8:06 of 1st period - Jonathan Tremblay wins face-off versus Riley Armstrong in Mulligans zone.
9:30 of 1st period - Penalty to Matt Niskanen is over, Matt Niskanen is back on ice.
9:52 of 1st period - Logan Shaw is hit by Jim O'Brien and loses puck.
10:12 of 1st period - Slapshot by Joshua Leivo.
10:12 of 1st period - Stopped by Anders Lindback with a rebound.
11:51 of 1st period - Icing by Denis Bodrov.
11:52 of 1st period - Jim O'Brien wins face-off versus Tim Schaller in Mustangs zone.
12:03 of 1st period - Snap shot by Reilly Smith.
12:03 of 1st period - Shot Hit the Post.
12:44 of 1st period - Slapshot by Anton Lander.
12:44 of 1st period - Deflect By Eric Tangradi.
12:44 of 1st period - Shot Misses the Net.
12:44 of 1st period - Puck is out of play.
12:45 of 1st period - Riley Armstrong wins face-off versus Maxime Macenauer in Mustangs zone.
12:54 of 1st period - Snap shot by Maxime Macenauer.
12:54 of 1st period - Deflect By Riley Armstrong.
12:54 of 1st period - Shot Misses the Net.
12:54 of 1st period - Puck is out of play.
12:55 of 1st period - Maxime Macenauer wins face-off versus Riley Armstrong in Mustangs zone.
13:05 of 1st period - Minor Penalty to Cameron Gaunce for High sticking.
13:06 of 1st period - Riley Armstrong wins face-off versus Drayson Bowman in Mustangs zone.
15:05 of 1st period - Penalty to Cameron Gaunce is over, Cameron Gaunce is back on ice.
15:14 of 1st period - Alexei Marchenko is hit by Joonas Donskoi and loses puck.
15:24 of 1st period - Minor Penalty to Matt Beleskey for Holding.
15:25 of 1st period - Maxime Macenauer wins face-off versus Rick Schofield in Mulligans zone.
17:24 of 1st period - Penalty to Matt Beleskey is over, Matt Beleskey is back on ice.
17:42 of 1st period - Slapshot by Matt Niskanen.
17:42 of 1st period - Stopped by Peter Mannino with a rebound.
17:44 of 1st period - Wrist shot by Maxime Macenauer.
17:44 of 1st period - Shot Blocked by Denis Bodrov.
17:46 of 1st period - Slapshot by Thomas Hickey.
17:46 of 1st period - Deflect By Matt Beleskey.
17:46 of 1st period - Shot Misses the Net.
17:46 of 1st period - Puck is out of play.
17:47 of 1st period - Anton Lander wins face-off versus Jim O'Brien in Mustangs zone.
18:00 of 1st period - Brandon Saad is hit by Anton Lander and loses puck.
18:20 of 1st period - Wrist shot by Nick Bonino.
18:20 of 1st period - Stopped by Peter Mannino without a rebound.
18:21 of 1st period - Anton Lander wins face-off versus Eric Wellwood in Mustangs zone.
18:28 of 1st period - Snap shot by Anton Lander.
18:28 of 1st period - Shot Blocked by Cameron Gaunce.
18:32 of 1st period - Wrist shot by Eric Tangradi.
18:32 of 1st period - Stopped by Peter Mannino with a rebound.
18:34 of 1st period - Wrist shot by Anton Lander.
18:34 of 1st period - Shot Blocked by Eric Wellwood.
18:52 of 1st period - Snap shot by Ben Eager.
18:52 of 1st period - Stopped by Anders Lindback with a rebound.
18:54 of 1st period - Snap shot by J.T. Wyman.
18:54 of 1st period - Stopped by Anders Lindback with a rebound.
18:56 of 1st period - Wrist shot by J.T. Wyman.
18:56 of 1st period - Stopped by Anders Lindback with a rebound.
18:58 of 1st period - Slapshot by Eric Gryba.
18:58 of 1st period - Stopped by Anders Lindback without a rebound.
18:59 of 1st period - Nick Bonino wins face-off versus Jim O'Brien in Mulligans zone.
19:01 of 1st period - Icing by Chris Neil.
19:02 of 1st period - Nick Bonino wins face-off versus Jim O'Brien in Mulligans zone.
19:33 of 1st period - Snap shot by Eric Tangradi.
19:33 of 1st period - Shot Blocked by Denis Bodrov.
19:39 of 1st period - Snap shot by Eric Tangradi.
19:39 of 1st period - Stopped by Peter Mannino with a rebound.
19:51 of 1st period - Joonas Donskoi is hit by Denis Bodrov and loses puck.
Goals for this period are 1 for Mustangs vs 1 for Mulligans.
Shots for this period are 13 for Mustangs vs 9 for Mulligans.
2nd period
0:01 of 2nd period - Riley Armstrong wins face-off versus Nick Bonino in neutral zone.
0:10 of 2nd period - Slapshot by Riley Armstrong.
0:10 of 2nd period - Shot Blocked by Nick Bonino.
0:26 of 2nd period - J.T. Wyman is hit by Matt Taormina and loses puck.
0:51 of 2nd period - Snap shot by Matt Beleskey.
0:51 of 2nd period - Stopped by Peter Mannino with a rebound.
0:53 of 2nd period - Slapshot by Matt Taormina.
0:53 of 2nd period - Shot Misses the Net.
1:47 of 2nd period - Drayson Bowman is hit by Cameron Gaunce and loses puck.
1:58 of 2nd period - Snap shot by Ben Eager.
1:58 of 2nd period - Shot Blocked by Matt Niskanen.
3:03 of 2nd period - Wrist shot by Eric Gryba.
3:03 of 2nd period - Deflect By Jonathan Tremblay.
3:03 of 2nd period - Stopped by Anders Lindback with a rebound.
3:40 of 2nd period - Snap shot by Maxime Macenauer.
3:40 of 2nd period - Stopped by Peter Mannino with a rebound.
3:42 of 2nd period - Wrist shot by Maxime Macenauer.
3:42 of 2nd period - Goal by Maxime Macenauer - Mustangs : 1 - Mulligans : 2.
3:43 of 2nd period - Riley Armstrong wins face-off versus Nick Bonino in neutral zone.
3:52 of 2nd period - Wrist shot by Nick Bonino.
3:52 of 2nd period - Shot Misses the Net.
4:56 of 2nd period - Snap shot by Francis Paré.
4:56 of 2nd period - Deflect By Joshua Leivo.
4:56 of 2nd period - Shot Blocked by Tim Schaller.
4:56 of 2nd period - Puck is out of play.
4:57 of 2nd period - Riley Armstrong wins face-off versus Nick Bonino in Mulligans zone.
4:58 of 2nd period - Wrist shot by Reilly Smith.
4:58 of 2nd period - Stopped by Anders Lindback without a rebound.
4:59 of 2nd period - Riley Armstrong wins face-off versus Nick Bonino in Mulligans zone.
5:31 of 2nd period - Wrist shot by Ben Eager.
5:31 of 2nd period - Shot Misses the Net.
5:33 of 2nd period - Backhand shot by J.T. Wyman.
5:33 of 2nd period - Stopped by Anders Lindback with a rebound.
6:12 of 2nd period - Snap shot by Riley Armstrong.
6:12 of 2nd period - Deflect By Matt Niskanen.
6:12 of 2nd period - Stopped by Anders Lindback without a rebound.
6:13 of 2nd period - Rick Schofield wins face-off versus Nick Bonino in Mulligans zone.
6:20 of 2nd period - Snap shot by Ben Eager.
6:20 of 2nd period - Shot Blocked by Chris Neil.
6:22 of 2nd period - Wrist shot by Rick Schofield.
6:22 of 2nd period - Stopped by Anders Lindback with a rebound.
6:24 of 2nd period - Snap shot by Ben Eager.
6:24 of 2nd period - Goal by Ben Eager - Mustangs : 2 - Mulligans : 2.
6:25 of 2nd period - Anton Lander wins face-off versus Riley Armstrong in neutral zone.
6:36 of 2nd period - Slapshot by Michael Del Zotto.
6:36 of 2nd period - Deflect By Anton Lander.
6:36 of 2nd period - Shot Misses the Net.
6:36 of 2nd period - Puck is out of play.
6:37 of 2nd period - Nick Bonino wins face-off versus Reilly Smith in Mustangs zone.
6:38 of 2nd period - Slapshot by Matt Niskanen.
6:38 of 2nd period - Shot Misses the Net.
6:48 of 2nd period - Riley Armstrong is hit by Drayson Bowman and loses puck.
6:53 of 2nd period - Wrist shot by Nick Bonino.
6:53 of 2nd period - Stopped by Peter Mannino without a rebound.
6:54 of 2nd period - Anton Lander wins face-off versus Rick Schofield in Mustangs zone.
7:19 of 2nd period - Matt Taormina is hit by Eric Wellwood and loses puck.
7:51 of 2nd period - Off-side.
7:52 of 2nd period - Riley Armstrong wins face-off versus Anton Lander in neutral zone.
8:12 of 2nd period - Icing by Matt Niskanen.
8:13 of 2nd period - Anton Lander wins face-off versus Rick Schofield in Mulligans zone.
8:22 of 2nd period - Backhand shot by Rick Schofield.
8:22 of 2nd period - Shot Misses the Net.
8:24 of 2nd period - Snap shot by Ben Eager.
8:24 of 2nd period - Shot Hit the Post.
8:28 of 2nd period - Wrist shot by Ben Eager.
8:28 of 2nd period - Stopped by Anders Lindback with a rebound.
8:38 of 2nd period - Eric Tangradi is hit by Denis Bodrov.
9:00 of 2nd period - Slapshot by Jonathan Tremblay.
9:00 of 2nd period - Stopped by Peter Mannino with a rebound.
9:02 of 2nd period - Slapshot by Eric Tangradi.
9:02 of 2nd period - Stopped by Peter Mannino with a rebound.
9:04 of 2nd period - Slapshot by Thomas Hickey.
9:04 of 2nd period - Stopped by Peter Mannino without a rebound.
9:05 of 2nd period - Riley Armstrong wins face-off versus Nick Bonino in Mustangs zone.
9:10 of 2nd period - Chris Neil is hit by Riley Armstrong and loses puck.
9:59 of 2nd period - Wrist shot by Jim O'Brien.
9:59 of 2nd period - Shot Blocked by Tim Schaller.
10:01 of 2nd period - Slapshot by Denis Bodrov.
10:01 of 2nd period - Shot Misses the Net.
10:19 of 2nd period - Cameron Gaunce is hit by Sven Baertschi and loses puck.
11:06 of 2nd period - Slapshot by J.T. Wyman.
11:06 of 2nd period - Stopped by Anders Lindback without a rebound.
11:07 of 2nd period - Jim O'Brien wins face-off versus Anton Lander in Mulligans zone.
11:55 of 2nd period - Cameron Gaunce is hit by Maxime Macenauer.
11:59 of 2nd period - Wrist shot by Ben Eager.
11:59 of 2nd period - Stopped by Anders Lindback without a rebound.
12:00 of 2nd period - Rick Schofield wins face-off versus Maxime Macenauer in Mulligans zone.
12:09 of 2nd period - Slapshot by Michael Del Zotto.
12:09 of 2nd period - Deflect By Matt Beleskey.
12:09 of 2nd period - Stopped by Peter Mannino with a rebound.
12:13 of 2nd period - Slapshot by Maxime Macenauer.
12:13 of 2nd period - Stopped by Peter Mannino with a rebound.
12:15 of 2nd period - Snap shot by Matt Beleskey.
12:15 of 2nd period - Stopped by Peter Mannino without a rebound.
12:16 of 2nd period - Riley Armstrong wins face-off versus Nick Bonino in Mustangs zone.
12:16 of 2nd period - Riley Armstrong is hit by Drayson Bowman.
12:57 of 2nd period - Backhand shot by Nick Bonino.
12:57 of 2nd period - Stopped by Peter Mannino with a rebound.
13:35 of 2nd period - Wrist shot by Matt Beleskey.
13:35 of 2nd period - Stopped by Peter Mannino with a rebound.
13:37 of 2nd period - Snap shot by Matt Beleskey.
13:37 of 2nd period - Goal by Matt Beleskey - Mustangs : 2 - Mulligans : 3.
13:38 of 2nd period - Anton Lander wins face-off versus Riley Armstrong in neutral zone.
13:45 of 2nd period - Wrist shot by Jonathan Tremblay.
13:45 of 2nd period - Shot Misses the Net.
13:47 of 2nd period - Snap shot by Jonathan Tremblay.
13:47 of 2nd period - Deflect By Eric Tangradi.
13:47 of 2nd period - Shot Misses the Net.
13:47 of 2nd period - Puck is out of play.
13:48 of 2nd period - Riley Armstrong wins face-off versus Anton Lander in Mustangs zone.
13:55 of 2nd period - Snap shot by Riley Armstrong.
13:55 of 2nd period - Stopped by Anders Lindback with a rebound.
14:39 of 2nd period - Wrist shot by Reilly Smith.
14:39 of 2nd period - Shot Misses the Net.
14:51 of 2nd period - Anton Lander is hit by Cameron Gaunce and loses puck.
14:57 of 2nd period - Off-side.
14:58 of 2nd period - Rick Schofield wins face-off versus Nick Bonino in neutral zone.
15:01 of 2nd period - Wrist shot by J.T. Wyman.
15:01 of 2nd period - Stopped by Anders Lindback with a rebound.
15:03 of 2nd period - Slapshot by J.T. Wyman.
15:03 of 2nd period - Shot Misses the Net.
15:05 of 2nd period - Snap shot by Ben Eager.
15:05 of 2nd period - Goal by Ben Eager - Mustangs : 3 - Mulligans : 3.
15:06 of 2nd period - Rick Schofield wins face-off versus Nick Bonino in neutral zone.
15:36 of 2nd period - Snap shot by Michael Del Zotto.
15:36 of 2nd period - Stopped by Peter Mannino with a rebound.
15:38 of 2nd period - Slapshot by Michael Del Zotto.
15:38 of 2nd period - Shot Blocked by Jerome Samson.
15:40 of 2nd period - Slapshot by Michael Del Zotto.
15:40 of 2nd period - Shot Misses the Net.
15:42 of 2nd period - Slapshot by Michael Del Zotto.
15:42 of 2nd period - Stopped by Peter Mannino without a rebound.
15:43 of 2nd period - Nick Bonino wins face-off versus Riley Armstrong in Mustangs zone.
16:54 of 2nd period - Slapshot by Michael Del Zotto.
16:54 of 2nd period - Shot Blocked by Joshua Leivo.
17:30 of 2nd period - Slapshot by Michael Del Zotto.
17:30 of 2nd period - Stopped by Peter Mannino with a rebound.
17:35 of 2nd period - Minor Penalty to Ben Eager for Hooking.
17:36 of 2nd period - Eric Wellwood wins face-off versus Nick Bonino in Mustangs zone.
17:46 of 2nd period - Snap shot by Nick Bonino.
17:46 of 2nd period - Shot Misses the Net.
18:05 of 2nd period - Icing by Jonathan Tremblay.
18:06 of 2nd period - Riley Armstrong wins face-off versus Anton Lander in Mulligans zone.
19:22 of 2nd period - Thomas Hickey is hit by Eric Gryba.
19:35 of 2nd period - Penalty to Ben Eager is over, Ben Eager is back on ice.
19:49 of 2nd period - Mark Pysyk is hit by Matt Niskanen and loses puck.
Goals for this period are 2 for Mustangs vs 2 for Mulligans.
Shots for this period are 12 for Mustangs vs 16 for Mulligans.
3rd period
0:01 of 3rd period - Nick Bonino wins face-off versus Riley Armstrong in neutral zone.
1:15 of 3rd period - Off-side.
1:16 of 3rd period - Riley Armstrong wins face-off versus Nick Bonino in neutral zone.
1:21 of 3rd period - Snap shot by Nick Bonino.
1:21 of 3rd period - Shot Blocked by Eric Wellwood.
1:23 of 3rd period - Slapshot by Matt Niskanen.
1:23 of 3rd period - Stopped by Peter Mannino with a rebound.
1:25 of 3rd period - Snap shot by Matt Niskanen.
1:25 of 3rd period - Shot Misses the Net.
1:27 of 3rd period - Wrist shot by Drayson Bowman.
1:27 of 3rd period - Shot Misses the Net.
1:50 of 3rd period - Snap shot by J.T. Wyman.
1:50 of 3rd period - Shot Blocked by Matt Niskanen.
1:52 of 3rd period - Wrist shot by J.T. Wyman.
1:52 of 3rd period - Stopped by Anders Lindback with a rebound.
3:27 of 3rd period - Backhand shot by Jerome Samson.
3:27 of 3rd period - Stopped by Anders Lindback without a rebound.
3:28 of 3rd period - Riley Armstrong wins face-off versus Anton Lander in Mulligans zone.
3:53 of 3rd period - Cameron Gaunce is hit by Matt Niskanen.
4:03 of 3rd period - Cameron Gaunce is hit by Nick Bonino.
4:13 of 3rd period - Backhand shot by Tim Schaller.
4:13 of 3rd period - Stopped by Peter Mannino without a rebound.
4:14 of 3rd period - Tim Schaller wins face-off versus Riley Nash in Mustangs zone.
4:15 of 3rd period - Backhand shot by Michael Del Zotto.
4:15 of 3rd period - Shot Blocked by Alexei Marchenko.
4:17 of 3rd period - Snap shot by Logan Shaw.
4:17 of 3rd period - Stopped by Peter Mannino with a rebound.
4:19 of 3rd period - Slapshot by Michael Del Zotto.
4:19 of 3rd period - Stopped by Peter Mannino without a rebound.
4:20 of 3rd period - Nick Bonino wins face-off versus Riley Armstrong in Mustangs zone.
4:35 of 3rd period - Wrist shot by Riley Armstrong.
4:35 of 3rd period - Deflect By Nick Bonino.
4:35 of 3rd period - Shot Blocked by Michael Del Zotto.
4:35 of 3rd period - Puck is out of play.
4:36 of 3rd period - Rick Schofield wins face-off versus Anton Lander in Mulligans zone.
4:37 of 3rd period - Wrist shot by Ben Eager.
4:37 of 3rd period - Stopped by Anders Lindback with a rebound.
5:03 of 3rd period - Anton Lander is hit by Riley Nash and loses puck.
5:34 of 3rd period - Snap shot by Eric Tangradi.
5:34 of 3rd period - Stopped by Peter Mannino without a rebound.
5:35 of 3rd period - Nick Bonino wins face-off versus Riley Armstrong in Mustangs zone.
5:44 of 3rd period - Snap shot by Nick Bonino.
5:44 of 3rd period - Shot Misses the Net.
6:00 of 3rd period - Matt Beleskey is hit by J.T. Wyman and loses puck.
6:05 of 3rd period - Wrist shot by Ben Eager.
6:05 of 3rd period - Shot Misses the Net.
6:25 of 3rd period - Snap shot by Tim Schaller.
6:25 of 3rd period - Stopped by Peter Mannino without a rebound.
6:26 of 3rd period - Nick Bonino wins face-off versus Riley Armstrong in Mustangs zone.
6:41 of 3rd period - Snap shot by Chris Neil.
6:41 of 3rd period - Stopped by Peter Mannino without a rebound.
6:42 of 3rd period - Maxime Macenauer wins face-off versus Rick Schofield in Mustangs zone.
6:43 of 3rd period - Wrist shot by Matt Beleskey.
6:43 of 3rd period - Goal by Matt Beleskey - Mustangs : 3 - Mulligans : 4.
6:44 of 3rd period - Nick Bonino wins face-off versus Reilly Smith in neutral zone.
7:38 of 3rd period - Sven Baertschi is hit by Alexei Marchenko and loses puck.
7:45 of 3rd period - Wrist shot by Jim O'Brien.
7:45 of 3rd period - Shot Misses the Net.
8:08 of 3rd period - Icing by Scott Mayfield.
8:09 of 3rd period - Riley Nash wins face-off versus Nick Bonino in Mustangs zone.
8:24 of 3rd period - Snap shot by Nick Bonino.
8:24 of 3rd period - Shot Misses the Net.
8:56 of 3rd period - Scott Mayfield is hit by Sven Baertschi and loses puck.
9:40 of 3rd period - Wrist shot by Jim O'Brien.
9:40 of 3rd period - Shot Misses the Net.
9:42 of 3rd period - Wrist shot by Jim O'Brien.
9:42 of 3rd period - Stopped by Anders Lindback with a rebound.
9:44 of 3rd period - Wrist shot by Jerome Samson.
9:44 of 3rd period - Stopped by Anders Lindback without a rebound.
9:45 of 3rd period - Drayson Bowman wins face-off versus Jim O'Brien in Mulligans zone.
9:52 of 3rd period - Matt Taormina is hit by Denis Bodrov and loses puck.
10:01 of 3rd period - Slapshot by Michael Del Zotto.
10:01 of 3rd period - Shot Blocked by Denis Bodrov.
10:03 of 3rd period - Snap shot by Nick Bonino.
10:03 of 3rd period - Shot Misses the Net.
10:05 of 3rd period - Snap shot by Drayson Bowman.
10:05 of 3rd period - Shot Misses the Net.
10:07 of 3rd period - Snap shot by Drayson Bowman.
10:07 of 3rd period - Shot Blocked by Jerome Samson.
10:36 of 3rd period - Icing by Drayson Bowman.
10:37 of 3rd period - Nick Bonino wins face-off versus Riley Armstrong in Mulligans zone.
11:02 of 3rd period - Ben Eager is hit by Maxime Macenauer and loses puck.
11:03 of 3rd period - Ben Eager from Mustangs is injured at 11:03 of 3rd period (Left Leg).
11:04 of 3rd period - Anton Lander wins face-off versus Riley Armstrong in Mustangs zone.
11:17 of 3rd period - Slapshot by Reilly Smith.
11:17 of 3rd period - Shot Misses the Net.
11:19 of 3rd period - Snap shot by Riley Armstrong.
11:19 of 3rd period - Shot Misses the Net.
12:05 of 3rd period - Matt Niskanen is hit by Denis Bodrov and loses puck.
12:10 of 3rd period - Wrist shot by Francis Paré.
12:10 of 3rd period - Stopped by Anders Lindback without a rebound.
12:11 of 3rd period - Rick Schofield wins face-off versus Anton Lander in Mulligans zone.
12:22 of 3rd period - Snap shot by Eric Tangradi.
12:22 of 3rd period - Stopped by Peter Mannino without a rebound.
12:23 of 3rd period - Maxime Macenauer wins face-off versus Riley Armstrong in Mustangs zone.
12:38 of 3rd period - Snap shot by Matt Beleskey.
12:38 of 3rd period - Shot Misses the Net.
13:16 of 3rd period - Slapshot by Denis Bodrov.
13:16 of 3rd period - Shot Misses the Net.
13:18 of 3rd period - Wrist shot by Brandon Saad.
13:18 of 3rd period - Deflect By Jim O'Brien.
13:18 of 3rd period - Shot Misses the Net.
13:18 of 3rd period - Puck is out of play.
13:19 of 3rd period - Maxime Macenauer wins face-off versus Rick Schofield in Mulligans zone.
13:19 of 3rd period - Minor Penalty to Matt Taormina for Hooking.
13:20 of 3rd period - Maxime Macenauer wins face-off versus Riley Armstrong in Mulligans zone.
13:20 of 3rd period - Maxime Macenauer is hit by Eric Wellwood.
13:32 of 3rd period - Snap shot by Riley Armstrong.
13:32 of 3rd period - Shot Blocked by Matt Donovan.
15:06 of 3rd period - Reilly Smith is hit by Gord Baldwin and loses puck.
15:19 of 3rd period - Penalty to Matt Taormina is over, Matt Taormina is back on ice.
15:19 of 3rd period - Matt Beleskey is hit by Jim O'Brien and loses puck.
16:19 of 3rd period - Off-side.
16:20 of 3rd period - Tim Schaller wins face-off versus Riley Armstrong in neutral zone.
16:25 of 3rd period - Matt Donovan is hit by Reilly Smith and loses puck.
16:46 of 3rd period - Nick Bonino is hit by J.T. Wyman and loses puck.
17:55 of 3rd period - Eric Gryba is hit by Anton Lander and loses puck.
18:56 of 3rd period - Reilly Smith is hit by Cody Goloubef and loses puck.
19:06 of 3rd period - Slapshot by Jonathan Tremblay.
19:06 of 3rd period - Goal by Jonathan Tremblay - Mustangs : 3 - Mulligans : 5.
19:07 of 3rd period - Jim O'Brien wins face-off versus Maxime Macenauer in neutral zone.
19:22 of 3rd period - Slapshot by Jerome Samson.
19:22 of 3rd period - Shot Misses the Net.
19:36 of 3rd period - Snap shot by Sven Baertschi.
19:36 of 3rd period - Shot Misses the Net.
Goals for this period are 0 for Mustangs vs 2 for Mulligans.
Shots for this period are 6 for Mustangs vs 10 for Mulligans.
Back to the Top